 Dungeon Crawl Stone Soup version 0.22-a0-570-g58866f5 (webtiles) character file.

88 vierth the Gusty (level 4, -3/24 HPs)
             Began as a Tengu Air Elementalist on June 30, 2018.
             Killed by nerve-wracking pain
             ... invoked by Grinder
              (14 damage)
             ... on level 3 of the Dungeon.
             The game lasted 00:11:45 (2777 turns).

vierth the Gusty (Tengu Air Elementalist)           Turns: 2777, Time: 00:11:45

Health: -3/24      AC: 11    Str:  8    XL:     4   Next: 53%
Magic:  1/8        EV: 13    Int: 17    God:
Gold:   145        SH:  0    Dex: 14    Spells: 7/8 levels left

rFire    + . .     SeeInvis .   k - +2 dagger (protect)
rCold    . . .     Gourm    .   (no shield)
rNeg     . . .     Faith    .   a - +1 robe
rPois    .         Spirit   .   (helmet restricted)
rElec    .         Reflect  .   (no cloak)
rCorr    .         Harm     .   m - +0 pair of gloves
MR       .....                  (boots unavailable)
Stlth    ++........             e - amulet of regeneration
HPRegen  0.48/turn              b - ring of protection from fire
MPRegen  0.11/turn              f - ring of flight

@: protection aura
A: beak, talons 3
a: Evoke Flight


You were on level 3 of the Dungeon.
You were not hungry.

You visited 1 branch of the dungeon, and saw 3 of its levels.

You collected 145 gold pieces.

Inventory:

Hand Weapons
 k - a +2 dagger of protection (weapon)
Armour
 a - a +1 robe (worn)
 m - a +0 pair of gloves (worn)
Jewellery
 b - a ring of protection from fire (left hand)
 e - an amulet of regeneration (around neck)
 f - a ring of flight (right hand)
 q - an uncursed ring of protection from cold {unknown}
Scrolls
 g - 3 scrolls of identify {unknown}
 l - 2 scrolls of remove curse {unknown}
 n - a scroll of fear
Potions
 d - a potion of lignification {unknown}
 h - 2 potions of heal wounds {unknown}
 i - a potion of berserk rage {unknown}
 j - a potion of degeneration {unknown}
 o - 2 potions of flight {unknown}
 p - a potion of mutation {unknown}
Comestibles
 c - 5 rations


   Skills:
 + Level 3.0 Dodging
 + Level 2.8 Stealth
 + Level 2.5 Spellcasting
 + Level 2.6 Conjurations
 + Level 4.7 Air Magic


You had 7 spell levels left.
You knew the following spells:

 Your Spells              Type           Power        Failure   Level  Hunger
a - Shock                 Conj/Air       ##..         4%          1    #......

Your spell library contained the following spells:

 Spells                   Type           Power        Failure   Level  Hunger
 Lightning Bolt           Conj/Air       ##........   75%         5    ######.
 Swiftness                Chrm/Air       ##......     11%         2    ##.....
 Airstrike                Air            ###.......   26%         4    #####..
 Static Discharge         Conj/Air       ##......     12%         3    ###....


Dungeon Overview and Level Annotations

Branches:
Dungeon (3/15)

Altars:
Elyvilon
Okawaru
Ru

Annotations:
D:3 3 runed doors, Grinder; glosham's ghost, weakling OgVM


Innate Abilities, Weirdness & Mutations

You have a beak for a mouth.
You have claws for feet.


Message History

You closely miss Grinder.
Grinder is heavily wounded.
Grinder gestures at you. Pain shoots through your body!
You hit Grinder.
Grinder is heavily wounded.
Grinder barely misses you.
You hit Grinder.
Grinder is severely wounded.
Grinder closely misses you.
You hit Grinder. You claw Grinder.
Grinder is severely wounded.
Grinder gestures at you. Pain shoots through your body!
You hit Grinder but do no damage. Your peck misses Grinder.
Grinder is severely wounded.
Grinder gestures at you. Pain shoots through your body!
Ouch! That really hurt!
You die...

##.....♣♣..♣####.....
#.....(.).####......
#...................
#.........#######.#.
#.......<.........#. #####
######......).(.#######..
....#####......................).
........#.####..........#######.#
........#.# #..@.#####.#########
........#.# #..5.# #.....#..#.
........#.# #....# #####.##.$$
........#.####....#########o#....
........)>..................##[..
........######....#########.#....
.)..##.#######....# #.###++
....##......##....# #......
###########.##....# ######.


You could see Grinder.

Vanquished Creatures
  2 adders
  A worm (D:2)
  A dart slug (D:1)
  2 leopard geckos
  An orc (D:3)
  A ball python (D:3)
  3 giant cockroaches
  7 hobgoblins
  6 jackals
  13 kobolds
  A quokka (D:2)
  5 bats
  A frilled lizard (D:3)
  6 goblins
  7 rats
57 creatures vanquished.

Vanquished Creatures (others)
  A plant (D:2)
1 creature vanquished.

Grand Total: 58 creatures vanquished

Notes
Turn   | Place    | Note
-------+----------+-------------------------------------------
     0 | D:1      | vierth the Tengu Air Elementalist began the quest for the Orb.
     0 | D:1      | Reached XP level 1. HP: 10/10 MP: 4/4
   282 | D:1      | Reached XP level 2. HP: 8/15 MP: 1/6
   969 | D:2      | Reached XP level 3. HP: 19/19 MP: 3/7
  1010 | D:2      | Found an iron altar of Okawaru.
  1025 | D:2      | Found a sacrificial altar of Ru.
  1503 | D:2      | Found a white marble altar of Elyvilon.
  1797 | D:3      | Reached XP level 4. HP: 24/24 MP: 3/8
  1900 | D:3      | Found a runed gate.
  1902 | D:3      | Found a runed gate.
  1907 | D:3      | Found a runed gate.
  1910 | D:3      | Noticed glosham's ghost (weakling OgVM)
  2249 | D:3      | Noticed Grinder
  2777 | D:3      | Killed from afar by Grinder

Vault maps used:
D:1:      lightli_arrival_flooded_house
D:2:      nicolae_ru_sacrificial_ziggurat, elyvilon_altar_3,
          okawaru_ov_weapons_minmay, lexackson_kobold_supper
D:3:      gammafunk_ghost_necromancy, serial_bayou_pond_a, uniq_grinder

Skill      XL: |  1  2  3  4 |
---------------+-------------+-----
Conjurations   | 2 |  2.6
Dodging        | 3 |  3.0
Stealth        | |  2.8
Spellcasting   | |  2.5
Air Magic      | |  4.7

Action                   |  1- 3 |  4- 6 || total
-------------------------+-------+-------++-------
Melee: Unarmed           |    12 |       ||    12
       Kick              |     1 |     3 ||     4
       Peck              |     1 |     1 ||     2
       Dagger            |       |    11 ||    11
 Cast: Shock             |    73 |    54 ||   127
  Use: Scroll            |     2 |       ||     2
  Eat: Ration            |     1 |     1 ||     2
Armor: Robe              |     2 |     4 ||     6
Dodge: Dodged            |    18 |    18 ||    36

Table legend:
 A = Spawn XP
 B = Non-spawn XP
 C = Spawn XP percentage of total XP
 D = Spawn monster count
 E = Non-spawn monster count
 F = Spawn count percentage of total count
 G = Total turns spent on level
                    A         B        C        D         E        F      G
               +---------+---------+-------+---------+---------+-------+---------
         Total |       0 |     126 |   0.0 |       0 |      57 |   0.0 |  2777
               +---------+---------+-------+---------+---------+-------+---------
           D:1 |       0 |      26 |   0.0 |       0 |      14 |   0.0 |   855
           D:2 |       0 |      51 |   0.0 |       0 |      21 |   0.0 |  1079
           D:3 |       0 |      49 |   0.0 |       0 |      22 |   0.0 |   843
               +---------+---------+-------+---------+---------+-------+---------
